 Dungeon Crawl Stone Soup version bcrawl-1.19.2-6-g6a88ae04c9 (webtiles) character file.

Game seed: 14814807207960773714

94 Banto the Insei (level 4, 0/42 HPs)
             Began as an Octopode Transmuter on Jan 10, 2020.
             Succumbed to an adder's poison
             ... on level 3 of the Dungeon.
             The game lasted 00:01:59 (2291 turns).

Banto the Insei (Octopode Transmuter)               Turns: 2291, Time: 00:02:00

Health: 0/42       AC: 22    Str:  9    XL:     4   Next: 63%
Magic:  7/7        EV:  2    Int: 16    God:
Gold:   105        SH:  0    Dex: 12    Spells: 1/7 levels left

rFire    . . .     SeeInvis .     - Unarmed
rCold    . . .     Gourm    .   (no shield)
rNeg     + + +     Faith    .   (helmet currently unavailable)
rPois    +         Spirit   .   (cloak currently unavailable)
rElec    .         Reflect  .   (no amulet)
rCorr    +         Harm     .   i - ring of resist corrosion
MR       .....     NoTele   +   (no ring)
Stlth    +.........             (no ring)
HPRegen  0.14/turn              (no ring)
MPRegen  0.10/turn              (no ring)
                                (no ring)
                                (no ring)
                                (no ring)

@: lethally poisoned (0 -> -7), tree-form, very slightly contaminated, hasted,
invisible, very quick
A: almost no armour, stealthy swim, (amphibious), 8 rings, (constrict 8),
mutation resistance 1, wild magic 1
a: no special abilities


You were on level 3 of the Dungeon.
You were very hungry.
You were a tree.
You visited 1 branch of the dungeon, and saw 3 of its levels.

You collected 105 gold pieces.

Inventory:

Missiles
 a - 611 arrows
Jewellery
 i - a ring of resist corrosion (left branch)
Scrolls
 b - 2 scrolls of identify {unknown}
 e - 2 scrolls of teleportation {unknown}
 f - 2 scrolls of enchant weapon {unknown}
 h - a scroll of fog {unknown}
Potions
 g - a potion of invisibility
 j - a potion of haste
Comestibles
 d - 4 rations {!d}


   Skills:
 - Level 1.0 Fighting
 - Level 2.0 Dodging
 + Level 4.2 Unarmed Combat
 - Level 2.0 Spellcasting
 + Level 3.6 Transmutations


You had one spell level left.
You knew the following spells:

 Your Spells              Type           Power        Failure   Level  Hunger
a - Beastly Appendage     Tmut           ###...       8%          1    #......
b - Sticks to Snakes      Tmut           ###.....     11%         2    ###....
c - Spider Form           Tmut/Pois      #..          38%         3    ###....

Your spell library contained the following spells:

 Spells                   Type           Power        Failure   Level  Hunger
 Ice Form                 Ice/Tmut       #.......     77%         4    #####..
 Blade Hands              Tmut           ###.......   85%         5    ######.


Dungeon Overview and Level Annotations

Branches:
Dungeon (3/12)

Altars:
Fedhas
Kikubaaqudgha
Makhleb
Nemelex Xobeh
Trog


Innate Abilities, Weirdness & Mutations

You cannot wear most types of armour.
You are very stealthy in the water. (Stealth+)
((You are amphibious.))
You can wear up to eight rings at the same time.
((You can use your tentacles to constrict eight enemies at once.))
((Your skin changes colour to match your surroundings (Stealth+).))
((Your rubbery body absorbs attacks. (AC +1, EV +1)))
You are somewhat resistant to further mutation.
Your spells are a little harder to cast, but a little more powerful.


Message History

It was a potion of haste.
You feel yourself speed up.
* * * LOW HITPOINT WARNING * * *
You feel sick.
It was a potion of mutation.
You feel extremely strange.
You feel less in control of your magic.
You feel genetically stable.
Really quaff the potion of lignification?
You turn into a tree.
Your roots penetrate the ground.
* * * LOW HITPOINT WARNING * * *
You feel sick.
* * * LOW HITPOINT WARNING * * *
You feel sick.
* * * LOW HITPOINT WARNING * * *
You feel sick.
* * * LOW HITPOINT WARNING * * *
You feel sick.
* * * LOW HITPOINT WARNING * * *
You feel sick.
* * * LOW HITPOINT WARNING * * *
You feel sick.
You die...

#.# #.##
##########.
#.# #..# ..
##.## ##
#..#
..#####.##
.........#
..#####..#
#..# ##♣#
#........#
#.#####.....
....## #...#
...# ...#
...#


There were no monsters in sight!

Vanquished Creatures
  A hound (D:3)
  An adder (D:3)
  A worm (D:2)
  A dart slug (D:2)
  A ball python (D:2)
  8 bats
  3 giant cockroaches (D:1)
  4 goblins (D:1)
  5 hobgoblins
  5 jackals (D:1)
  A quokka (D:2)
  4 frilled lizards
  9 kobolds
  6 rats
50 creatures vanquished.

Notes
Turn   | Place    | Note
-------+----------+-------------------------------------------
     0 | D:1      | Banto the Octopode Transmuter began the quest for the Orb.
     0 | D:1      | Reached XP level 1. HP: 13/13 MP: 3/3
   249 | D:1      | Reached XP level 2. HP: 15/18 MP: 5/5
   737 | D:1      | Reached XP level 3. HP: 19/23 MP: 6/6
  1196 | D:2      | Found an ancient bone altar of Kikubaaqudgha.
  1577 | D:2      | Found a blossoming altar of Fedhas.
  1577 | D:2      | Found a sparkling altar of Nemelex Xobeh.
  1577 | D:2      | Found a bloodstained altar of Trog.
  1607 | D:2      | Found a burning altar of Makhleb.
  1607 | D:2      | Noticed a green death
  1995 | D:3      | Learned a level 2 spell: Sticks to Snakes
  2023 | D:3      | Learned a level 3 spell: Spider Form
  2100 | D:3      | Reached skill level 4 in Unarmed Combat
  2100 | D:3      | Reached XP level 4. HP: 15/28 MP: 4/7
  2281 | D:3      | Gained mutation: Your spells are a little harder to cast,
                  | but a little more powerful. [potion of mutation]
  2281 | D:3      | Gained mutation: You are somewhat resistant to further
                  | mutation. [potion of mutation]
  2288 | D:3      | HP: 2/42 [poisoned by an adder]
  2291 | D:3      | Succumbed to an adder's poison

Skill      XL: |  1  2  3 |
---------------+----------+-----
Transmutations | 3 |  3.6
Unarmed Combat | 4 |  4.2
Fighting       | |  1.0
Dodging        | |  2.0
Spellcasting   | |  2.0

Action                   |  1- 3 |  4- 6 || total
-------------------------+-------+-------++-------
Melee: Unarmed           |   112 |    10 ||   122
       Constrict         |    32 |     1 ||    33
       Tentacles         |    14 |     1 ||    15
       Kick              |     5 |       ||     5
       Punch             |     5 |       ||     5
 Cast: Beastly Appendage |     2 |       ||     2
       Spider Form       |     1 |       ||     1
  Use: Potion            |       |     4 ||     4
 Stab: Sleeping          |     5 |       ||     5
  Eat: Chunk             |     3 |       ||     3
Armor: Skin              |    16 |     2 ||    18
Dodge: Dodged            |    68 |     2 ||    70
